 Dungeon Crawl Stone Soup version 0.31.0-32-g396128a36d (webtiles) character file.

Game seed: 8078277601428379373

19 Croga the Conjurer (level 2, -4/15 HPs)
             Began as a Deep Elf Conjurer on Mar 21, 2024.
             Slain by Sigmund
             ... wielding a +0 scythe
              (7 damage)
             ... on level 2 of the Dungeon.
             The game lasted 00:04:47 (959 turns).

Croga the Conjurer (Deep Elf Conjurer)               Turns: 959, Time: 00:04:47

Health: -4/15      AC:  3    Str:  4    XL:     2   Next: 55%
Magic:  8/8        EV: 12    Int: 22    God:
Gold:   74         SH:  0    Dex: 13    Spells: 6/7 levels left

rFire   . . .        e - +0 dagger
rCold   . . .        (no shield)
rNeg    . . .        a - +0 robe
rPois   .            (no helmet)
rElec   .            d - +0 cloak
rCorr   .            (no gloves)
SInv    .            (no boots)
Will    .....        (no amulet)
Stlth   ++           (no ring)
HPRegen 0.22/turn    (no ring)
MPRegen 0.11/turn

%: no passive effects
@: no status effects
A: no striking features
a: no special abilities


You were on level 2 of the Dungeon.
You visited 1 branch of the dungeon, and saw 2 of its levels.

You collected 74 gold pieces.

Inventory:

Hand Weapons
 e - a +0 dagger (weapon)
Armour
 a - a +0 robe (worn)
 d - a +0 cloak (worn)


   Skills:
 + Level 2.4 Dodging
 + Level 2.5 Stealth
 + Level 3.2 Spellcasting
 + Level 5.0 Conjurations


You had 6 spell levels left.
You knew the following spells:

 Your Spells              Type           Power      Damage    Failure   Level
a - Magic Dart            Conj           100%       1d8       1%          1

Your spell library contained the following spells:

 Spells                   Type           Power      Damage    Failure   Level
 Searing Ray              Conj           50%        2d6       2%          2
 Fulminant Prism          Conj/Alch      7%         3d7       38%         4
 Iskenderun's Mystic Bla  Conj/Tloc      14%        2d5       38%         4


Dungeon Overview and Level Annotations

Branches:
Dungeon (2/15)

Altars:

Annotations:
D:2 Sigmund


Message History

Aim: Sigmund, wielding a +0 scythe, wearing a +0 robe and carrying a wand of flame (lightly wounded, 100% to hit)
The magic dart hits Sigmund.
Sigmund is moderately wounded.
Aiming: Magic Dart (safe; 1% risk of failure)
Press: ? - help, Q - select action Shift-Dir - straight line, f/p - Sigmund
Aim: Sigmund, wielding a +0 scythe, wearing a +0 robe and carrying a wand of flame (moderately wounded, 100% to hit)
The magic dart hits Sigmund.
Sigmund is moderately wounded.
Sigmund mumbles some strange words.
Sigmund flickers and vanishes!
Deactivating autopickup; reactivate with Ctrl-A.
Aiming: Magic Dart (safe; 1% risk of failure)
Press: ? - help, Q - select action Shift-Dir - straight line The magic dart hits something.
Something hits you!
Ouch! That really hurt!
You don't have enough magic to cast this spell.
Something hits you.
* * * LOW HITPOINT WARNING * * *
You completely miss something.
Aiming: Magic Dart (safe; 1% risk of failure)
Press: ? - help, Q - select action Shift-Dir - straight line
Okay, then.
It was a potion of curing.
You feel better. Something hits you!
Ouch! That really hurt!
* * * LOW HITPOINT WARNING * * *
Aiming: Magic Dart (safe; 1% risk of failure)
Press: ? - help, Q - select action Shift-Dir - straight line The magic dart hits something.
Something hits you but does no damage.
You don't have enough magic to cast this spell.
You barely miss something.
You don't have enough magic to cast this spell.
You barely miss something.
You hear a zap.
A puff of flame appears from out of thin air!
The puff of flame misses you.
You don't have enough magic to cast this spell.
Magic courses through your body. Something hits you!
You die...

## # ..
#####.# # .
#.####.....#
.#.
#.@.......#
).# #. #.#
#.#. #.# ###
#.######{# ..#
#.......@# #)#
#..####..# #.#
#..# #..# #.#
#..####....
#.#
#.#........###
#<#
#.##.#######
#.# #.##.# #.#
#.##.# ..#
#.##.#


There were no monsters in sight!

Vanquished Creatures
  A ribbon worm (D:2)
  3 endoplasms (D:1)
  2 hobgoblins (D:1)
  2 quokkas
  A ball python (D:2)
  2 bats (D:1)
  2 frilled lizards (D:1)
  2 goblins
  A rat (D:1)
16 creatures vanquished.

Notes
Turn   | Place    | Note
-------+----------+-------------------------------------------
     0 | D:1      | Croga the Deep Elf Conjurer began the quest for the Orb.
     0 | D:1      | Reached XP level 1. HP: 10/10 MP: 6/6
   661 | D:1      | Reached XP level 2. HP: 15/15 MP: 4/8
   894 | D:2      | Reached skill level 5 in Conjurations
   944 | D:2      | Noticed Sigmund
   959 | D:2      | Slain by Sigmund

Illustrated notes

Levels and vault maps discovered:
D:1:      minmay_arrival_three_doors, layout_loops_corners,
          nicolae_twisty_statue_hallways
D:2:      layout_loops_ring, basic_altar, serial_shops, shop, uniq_terence,
          uniq_sigmund

Skill      XL: |  1  2 |
---------------+-------+-----
Conjurations   | 5 |  5.0
Dodging        | |  2.4
Stealth        | |  2.5
Spellcasting   | |  3.2

Action                     || total
---------------------------++-------
  Melee: Dagger            ||     3
   Cast: Magic Dart        ||    40
    Use: Potion            ||     2
 Armour: Robe              ||     7
  Dodge: Dodged            ||     5
